MID
BURLINGTON BEES @ LAKE COUNTY CAPTAINS
05/12/2048
 
TOP OF THE 1ST
Burlington Bees batting - Pitching for Lake County Captains : RHP Jose Esteban
Pitching: RHP Jose Esteban
Batting: RHB Sean Rocha 0-0: Foul Ball, location: 2F
0-1: Ball
1-1: Foul Ball, location: 2F
1-2: Foul Ball, location: 2F
1-2: Ball
2-2: Strikes out looking
Batting: RHB Danny Bjarnson 0-0: Ball
1-0: Swinging Strike
1-1: DOUBLE (Line Drive, 89D, EV 110.0 MPH)
Batting: RHB Peter Westover 0-0: Ball
1-0: Ball
2-0: Ground out 5-3 (Groundball, 56, EV 104.4 MPH)
Batting: SHB Danny Gelinas 0-0: Ball
1-0: Ball
2-0: DOUBLE (Line Drive, 8RXD, EV 106.2 MPH)
Danny Bjarnson scores
Batting: RHB Dan Burkhart 0-0: Foul Ball, location: 2F
0-1: Called Strike
0-2: Foul Ball, location: 2F
0-2: Strikes out looking
Top of the 1st over - 1 run, 2 hits, 0 errors, 1 left on base; Burlington 1 - Lake County 0
BOTTOM OF THE 1ST
Lake County Captains batting - Pitching for Burlington Bees : RHP Josh Brewer
Pitching: RHP Josh Brewer
Batting: RHB Carlos Salazar 0-0: Ball
1-0: Ball
2-0: Foul Ball, location: 2F
2-1: Ball
3-1: Base on Balls
Batting: RHB Kenzo Shinoda 0-0: DOUBLE (Line Drive, 7LM, EV 98.8 MPH)
Carlos Salazar to third
Batting: LHB Ben Rubenacker 0-0: Ball
1-0: Ball
2-0: Ball
3-0: Base on Balls
Batting: LHB Jeff Palmowski 0-0: Fly out, F7 (Line Drive, 78M, EV 106.2 MPH)
Runner from 3rd tags up, SCORES, throw by LF
Batting: RHB Adam McMillen 0-0: Ball
1-0: Called Strike
1-1: Foul Ball, location: 2F
1-2: Strikes out swinging
Batting: RHB Chris Diaz 0-0: Hit by Pitch
Kenzo Shinoda to third
Ben Rubenacker to second
Batting: RHB Steve Gusman 0-0: Ball
1-0: Ball
2-0: Fielders Choice at 2nd, 6-4 (Groundball, 6, EV 87.5 MPH)
Bottom of the 1st over - 1 run, 1 hit, 0 errors, 3 left on base; Burlington 1 - Lake County 1
TOP OF THE 2ND
Burlington Bees batting - Pitching for Lake County Captains : RHP Jose Esteban
Batting: RHB Dan Thomey 0-0: Ball
1-0: Called Strike
1-1: Ball
2-1: Foul Ball, location: 2F
2-2: SINGLE (Groundball, 4MD, EV 97.5 MPH)
Batting: RHB Rory Cobb 0-0: Swinging Strike
0-1: Ball
1-1: Swinging Strike
1-2: Strikes out swinging
Batting: LHB Adam Barry 0-0: Ball
1-0: Swinging Strike
1-1: Grounds into double play, 4-6-3 (Groundball, 34, EV 80.6 MPH)
Top of the 2nd over - 0 runs, 1 hit, 0 errors, 0 left on base; Burlington 1 - Lake County 1
BOTTOM OF THE 2ND
Lake County Captains batting - Pitching for Burlington Bees : RHP Josh Brewer
Batting: RHB Anibal Casteles 0-0: Ball
1-0: Ball
2-0: Ball
3-0: Base on Balls
Batting: RHB John Bianconi 0-0: Called Strike
0-1: Ball
1-1: Foul Ball, location: 2F
1-2: Ball
2-2: Fly out, F8 (Flyball, 8RD, EV 94.4 MPH)
Batting: RHB Carlos Salazar 0-0: Called Strike
0-1: Fielders Choice at 2nd, 5-4 (Groundball, 56, EV 103.1 MPH)
Batting: RHB Kenzo Shinoda 0-0: Ball
1-0: Ball
2-0: Called Strike
2-1: Swinging Strike
2-2: Foul Ball, location: 2F
2-2: Ground out 6-3 (Groundball, 6, EV 88.8 MPH)
Bottom of the 2nd over - 0 runs, 0 hits, 0 errors, 1 left on base; Burlington 1 - Lake County 1
TOP OF THE 3RD
Burlington Bees batting - Pitching for Lake County Captains : RHP Jose Esteban
Batting: RHB Malachi Ephron 0-0: Called Strike
0-1: Ball
1-1: Ground out 5-3 (Groundball, 5, EV 104.4 MPH)
Batting: RHB Sean Rocha 0-0: Ball
1-0: Ball
2-0: Ground out 6-3 (Groundball, 56, EV 88.1 MPH)
Batting: RHB Danny Bjarnson 0-0: Swinging Strike
0-1: Swinging Strike
0-2: Strikes out looking
Top of the 3rd over - 0 runs, 0 hits, 0 errors, 0 left on base; Burlington 1 - Lake County 1
BOTTOM OF THE 3RD
Lake County Captains batting - Pitching for Burlington Bees : RHP Josh Brewer
Batting: LHB Ben Rubenacker 0-0: Called Strike
0-1: Foul Ball, location: 2F
0-2: Ball
1-2: Ball
2-2: Ground out 4-3 (Groundball, 4, EV 108.8 MPH)
Batting: LHB Jeff Palmowski 0-0: Ball
1-0: Ball
2-0: Ground out 5-3 (Groundball, 5S, EV 71.9 MPH)
Batting: RHB Adam McMillen 0-0: Foul Ball, location: 2F
0-1: Foul Ball, location: 2F
0-2: Ball
1-2: Ball
2-2: Ball
3-2: Base on Balls
Batting: RHB Chris Diaz 0-0: Ball
1-0: Foul Ball, location: 2F
1-1: Foul Ball, location: 2F
1-2: Fly out, F7 (Flyball, 7D, EV 88.8 MPH)
Bottom of the 3rd over - 0 runs, 0 hits, 0 errors, 1 left on base; Burlington 1 - Lake County 1
TOP OF THE 4TH
Burlington Bees batting - Pitching for Lake County Captains : RHP Jose Esteban
Batting: RHB Peter Westover 0-0: Ball
1-0: Called Strike
1-1: Ball
2-1: Ball
3-1: Base on Balls
Batting: SHB Danny Gelinas 0-0: Foul Ball, location: 2F
0-1: Foul Ball, location: 2F
0-2: Strikes out swinging
Batting: RHB Dan Burkhart 0-0: Fielders Choice at 2nd, 6-4 (Groundball, 6, EV 82.5 MPH)
Batting: RHB Dan Thomey 0-0: Ball
1-0: Ball
2-0: Foul Ball, location: 2F
2-1: Swinging Strike
2-2: Foul Ball, location: 2F
2-2: Strikes out swinging
Top of the 4th over - 0 runs, 0 hits, 0 errors, 1 left on base; Burlington 1 - Lake County 1
BOTTOM OF THE 4TH
Lake County Captains batting - Pitching for Burlington Bees : RHP Josh Brewer
Batting: RHB Steve Gusman 0-0: Called Strike
0-1: Swinging Strike
0-2: Strikes out looking
Batting: RHB Anibal Casteles 0-0: Ball
1-0: Called Strike
1-1: Called Strike
1-2: Ground out 4-3 (Groundball, 4, EV 86.9 MPH)
Batting: RHB John Bianconi 0-0: Called Strike
0-1: Fly out, F7 (Flyball, 7LS, EV 84.4 MPH)
Bottom of the 4th over - 0 runs, 0 hits, 0 errors, 0 left on base; Burlington 1 - Lake County 1
TOP OF THE 5TH
Burlington Bees batting - Pitching for Lake County Captains : RHP Jose Esteban
Batting: RHB Rory Cobb 0-0: Ball
1-0: Called Strike
1-1: SINGLE (Groundball, 56D, EV 99.4 MPH)
Batting: LHB Adam Barry 0-0: Ball
1-0: Swinging Strike
1-1: Called Strike
1-2: Strikes out swinging
Rory Cobb is caught stealing 2nd base 2-6
Batter strikes out.
Batting: RHB Malachi Ephron 0-0: Ball
1-0: Ball
2-0: Ball
3-0: Called Strike
3-1: Fly out, F6 (Popup, 6, EV 55.0 MPH)
Top of the 5th over - 0 runs, 1 hit, 0 errors, 0 left on base; Burlington 1 - Lake County 1
BOTTOM OF THE 5TH
Lake County Captains batting - Pitching for Burlington Bees : RHP Josh Brewer
Batting: RHB Carlos Salazar 0-0: Ball
1-0: Called Strike
1-1: Ball
2-1: Swinging Strike
2-2: Ball
3-2: Strikes out swinging
Batting: RHB Kenzo Shinoda 0-0: Called Strike
0-1: Ball
1-1: Ball
2-1: Swinging Strike
2-2: Hit by Pitch
Batting: LHB Ben Rubenacker 0-0: Called Strike
0-1: Called Strike
0-2: DOUBLE (Flyball, 78XD, EV 96.9 MPH)
Kenzo Shinoda to third
Runner from 3rd tries for Home, SAFE, no throw by LF
Batting: LHB Jeff Palmowski 0-0: Foul Ball, location: 2F
0-1: Foul Ball, location: 2F
0-2: Ground out 4-3 (Groundball, 4, EV 82.5 MPH)
Ben Rubenacker to third
Batting: RHB Adam McMillen 0-0: Ground out 1-3 (Groundball, 13S, EV 75.0 MPH)
Bottom of the 5th over - 1 run, 1 hit, 0 errors, 1 left on base; Burlington 1 - Lake County 2
TOP OF THE 6TH
Burlington Bees batting - Pitching for Lake County Captains : RHP Jose Esteban
Batting: RHB Sean Rocha 0-0: Foul Ball, location: 2F
0-1: Fly out, F8 (Line Drive, 8LM, EV 93.8 MPH)
Batting: RHB Danny Bjarnson 0-0: Swinging Strike
0-1: Foul Ball, location: 2F
0-2: Ground out 2-3 (Groundball, 2L, EV 68.1 MPH)
Batting: RHB Peter Westover 0-0: Ball
1-0: Ball
2-0: SINGLE (Groundball, 56S, EV 63.8 MPH) (infield hit)
Batting: SHB Danny Gelinas 0-0: Called Strike
0-1: Ball
1-1: Called Strike
Peter Westover is caught stealing 2nd base 2-6
Top of the 6th over - 0 runs, 1 hit, 0 errors, 0 left on base; Burlington 1 - Lake County 2
BOTTOM OF THE 6TH
Lake County Captains batting - Pitching for Burlington Bees : RHP Josh Brewer
Batting: RHB Chris Diaz 0-0: Ball
1-0: Foul Ball, location: 2F
1-1: Swinging Strike
1-2: Foul Ball, location: 2F
1-2: SINGLE (Groundball, 34D, EV 95.6 MPH)
Pitching: RHP Owen Prouty
Batting: RHB Steve Gusman 0-0: Fly out, F7 (Line Drive, 78M, EV 100.6 MPH)
Batting: RHB Anibal Casteles 0-0: Ball
1-0: Called Strike
1-1: Fly out, F8 (Line Drive, 89D, EV 109.4 MPH)
Batting: RHB John Bianconi 0-0: Ball
1-0: Ball
Chris Diaz is caught stealing 2nd base 2-4
Bottom of the 6th over - 0 runs, 1 hit, 0 errors, 0 left on base; Burlington 1 - Lake County 2
TOP OF THE 7TH
Burlington Bees batting - Pitching for Lake County Captains : RHP Jose Esteban
Now in LF: Steve Gusman
Now in RF: Brandon Hopper
Batting: SHB Danny Gelinas 0-0: Ball
1-0: Foul Ball, location: 2F
1-1: Swinging Strike
1-2: Ball
2-2: Ball
3-2: Fly out, F9 (Flyball, 9, EV 84.4 MPH)
Batting: RHB Dan Burkhart 0-0: Ball
1-0: Ball
2-0: Foul Ball, location: 2F
2-1: Ball
3-1: Fly out, F7 (Flyball, 7D, EV 80.0 MPH)
Batting: RHB Dan Thomey 0-0: Called Strike
0-1: Ball
1-1: Ball
2-1: SINGLE (Line Drive, 8LS, EV 98.1 MPH)
Batting: RHB Rory Cobb 0-0: Ball
1-0: Ball
2-0: Fielders Choice at 2nd, 6-4 (Groundball, 6, EV 78.1 MPH)
Top of the 7th over - 0 runs, 1 hit, 0 errors, 1 left on base; Burlington 1 - Lake County 2
BOTTOM OF THE 7TH
Lake County Captains batting - Pitching for Burlington Bees : RHP Owen Prouty
Batting: RHB John Bianconi 0-0: Foul Ball, location: 2F
0-1: Ball
1-1: Foul Ball, location: 2F
1-2: Ball
2-2: Strikes out swinging
Batting: LHB Brandon Hopper 0-0: Ball
1-0: Ball
2-0: Ground out 5-3 (Groundball, 5, EV 80.6 MPH)
Batting: RHB Kenzo Shinoda 0-0: Ball
1-0: Foul Ball, location: 2F
1-1: Ball
2-1: Fly out, F5 (Line Drive, 5, EV 71.2 MPH)
Bottom of the 7th over - 0 runs, 0 hits, 0 errors, 0 left on base; Burlington 1 - Lake County 2
TOP OF THE 8TH
Burlington Bees batting - Pitching for Lake County Captains : RHP Jose Esteban
Batting: LHB Adam Barry 0-0: Ball
1-0: Foul Ball, location: 2F
1-1: Swinging Strike
1-2: SINGLE (Groundball, 6D, EV 105.0 MPH)
Batting: RHB Malachi Ephron 0-0: Ball
1-0: Ball
2-0: Ball
3-0: Called Strike
3-1: Swinging Strike
3-2: Foul Ball, location: 2F
3-2: Foul Ball, location: 2F
3-2: Strikes out looking
Pitching: LHP Troy Salzer
Batting: RHB Sean Rocha 0-0: Ball
1-0: Ball
2-0: Ball
3-0: Base on Balls
Adam Barry to second
Batting: RHB Danny Bjarnson 0-0: Fly out, F4 (Popup, 4, EV 69.4 MPH)
Batting: RHB Peter Westover 0-0: Ball
1-0: Foul Ball, location: 2F
1-1: Foul Ball, location: 2F
1-2: Strikes out swinging
Top of the 8th over - 0 runs, 1 hit, 0 errors, 2 left on base; Burlington 1 - Lake County 2
BOTTOM OF THE 8TH
Lake County Captains batting - Pitching for Burlington Bees : RHP Owen Prouty
Batting: LHB Ben Rubenacker 0-0: Ground out U3 (Groundball, 34, EV 88.1 MPH)
Batting: LHB Jeff Palmowski 0-0: Ball
1-0: Ball
2-0: Ball
3-0: Called Strike
3-1: Called Strike
3-2: Foul Ball, location: 2F
3-2: Base on Balls
Pinch Hitting: LHB Vinny Carreno 0-0: Called Strike
0-1: Called Strike
0-2: Foul Ball, location: 2F
0-2: Ball
1-2: Strikes out looking
Batting: RHB Chris Diaz 0-0: Called Strike
0-1: Ball
1-1: Ball
2-1: Foul Ball, location: 2F
2-2: Strikes out swinging
Bottom of the 8th over - 0 runs, 0 hits, 0 errors, 1 left on base; Burlington 1 - Lake County 2
TOP OF THE 9TH
Burlington Bees batting - Pitching for Lake County Captains : LHP Troy Salzer
Now at SS: Jeremy Givens
Batting: SHB Danny Gelinas 0-0: Ball
1-0: Ball
2-0: Ball
3-0: Base on Balls
Batting: RHB Dan Burkhart 0-0: Foul Ball, location: 2F
0-1: Ball
1-1: Ball
2-1: Ball
3-1: Called Strike
3-2: Fly out, F7 (Line Drive, 7, EV 95.0 MPH)
Batting: RHB Dan Thomey 0-0: Ball
1-0: Called Strike
1-1: Called Strike
1-2: Foul Ball, location: 2F
1-2: Strikes out swinging
Batting: RHB Rory Cobb 0-0: Ball
1-0: Ground out 4-3 (Groundball, 13, EV 85.0 MPH)
Top of the 9th over - 0 runs, 0 hits, 0 errors, 1 left on base; Burlington 1 - Lake County 2
Tuesday, March 28th , 2023 - OOTP Baseball 23.10 Build 110